 Dungeon Crawl Stone Soup version 0.19-a0-459-gb8ed64d (webtiles) character file.

170 Goblin1989 the Sneak (level 5, -8/26 HPs)
             Began as a Vine Stalker Assassin on June 2, 2016.
             Killed from afar by an orc wizard (9 damage)
             ... with a magic dart
             ... on level 4 of the Dungeon.
             The game lasted 00:05:13 (1866 turns).

Goblin1989 the Sneak (Vine Stalker Assassin)        Turns: 1866, Time: 00:05:14

Health: -8/26      AC:  4    Str: 14    XL:     5   Next: 50%
Magic:  0/6        EV: 11    Int: 11    God:
Gold:   135        SH:  0    Dex: 16    Spells: 0 memorised, 4 levels left

rFire  . . .     SeeInvis .     a - +2 dagger
rCold  . . .     Gourm    .     c - +0 robe
rNeg   . . .     Faith    .     (no shield)
rPois  .         Spirit   +     (no helmet)
rElec  .         Dismiss  .     d - +0 cloak
rCorr  .         Reflect  .     (no gloves)
SustAt .         Harm     .     n - +0 pair of boots
MR     .....                    (no amulet)
Stlth  +++.......               (no ring)
                                (no ring)

@: not resistant to hostile enchantments, fairly stealthy
A: fangs 2, regeneration 1, magic shield, antimagic bite, no device heal 3, rot
immunity
a: no special abilities


You were on level 4 of the Dungeon.
You were not hungry.

You visited 1 branch of the dungeon, and saw 4 of its levels.

You collected 135 gold pieces.

Inventory:

Hand Weapons
 a - a +2 dagger (weapon)
 b - a +0 blowgun
Missiles
 e - 7 poisoned needles
 f - 2 curare-tipped needles
Armour
 c - a +0 robe (worn)
 d - a +0 cloak (worn)
 n - a +0 pair of boots (worn)
Scrolls
 h - 2 scrolls of teleportation {unknown}
 j - a scroll of magic mapping {unknown}
 k - a scroll of blinking {unknown}
 o - 3 scrolls of random uselessness {unknown}
 q - a scroll of fog {unknown}
 r - a scroll of identify {unknown}
 t - a scroll of noise {unknown}
 u - a scroll of enchant armour {unknown}
Potions
 m - a potion of flight {unknown}
 s - 2 potions of curing {unknown}
 v - a potion of lignification {unknown}
 w - a potion of degeneration {unknown}
Comestibles
 g - 4 bread rations
 i - a beef jerky
 l - a meat ration
 p - 9 fruits
 x - 2 chunks of flesh


   Skills:
 - Level 1.7 Fighting
 * Level 4.5 Short Blades
 - Level 1.7 Throwing
 - Level 0.7 Dodging
 + Level 5.7 Stealth


You had 4 spell levels left.
You didn't know any spells.

Dungeon Overview and Level Annotations

Branches:
Dungeon (4/15)
 Temple: D:4-7

Altars:
Ashenzari
Dithmenos
Kikubaaqudgha
Okawaru
Zin

Annotations:
D:3 tstbtto's ghost, amateur HOGl


Innate Abilities, Weirdness & Mutations

You have extremely sharp teeth.
Your natural rate of healing is unusually fast.
When hurt, damage is shared between your health and your magic reserves.
Your bite disrupts and absorbs the magic of your enemies.
Potions and wands cannot restore your health.
You are immune to rotting.


Message History

The orc wizard seems to speed up.
You take 2 damage, and have 6/26 hp.
You now have 3/6 mp.
You hit the orc wizard.
You kill the orc wizard!
Something hits you.
* * * LOW HITPOINT WARNING * * *
Something hits you.
* * * LOW HITPOINT WARNING * * *
You take 4 damage, and have 2/26 hp.
You now have 2/6 mp.
You hear some strange, mumbled words.
A magic dart appears from out of thin air!
The magic dart hits you!
* * * LOW HITPOINT WARNING * * *
Things that are here:
a dagger; a robe You take 1 damage, and have 1/26 hp.
You now have 0/6 mp.
You feel yourself speed up.
A magic dart appears from out of thin air!
The magic dart hits you!
You die...

....#. #.[#
....###..# #..##o.#
#...o.# #o##.##
#.##.# . #.#..#
#...########.#.##
#.....@).o..#.#
....#######..#.# #
..........#.#
########..#.###
#......# #.####
#.##.#.# (. ..#
#.##.#.# #. #.#
##.#....###
#.##.####...........


You could see an orc.

Vanquished Creatures
  An orc wizard (D:4)
  2 gnolls
  4 adders (D:2)
  A worm (D:2)
  5 dart slugs
  2 giant geckos (D:1)
  5 orcs
  10 bats
  2 giant cockroaches
  10 goblins
  10 hobgoblins
  4 kobolds
  A quokka (D:2)
  3 giant newts
  6 rats
66 creatures vanquished.

Vanquished Creatures (others)
  An orc wizard (D:4)
1 creature vanquished.

Grand Total: 67 creatures vanquished

Notes
Turn   | Place    | Note
--------------------------------------------------------------
     0 | D:1      | Goblin1989 the Vine Stalker Assassin began the quest for the Orb.
     0 | D:1      | Reached XP level 1. HP: 11/11 MP: 2/2
    97 | D:1      | Reached XP level 2. HP: 15/15 MP: 3/3
   270 | D:1      | Reached XP level 3. HP: 18/18 MP: 4/4
   729 | D:2      | Found a glowing silver altar of Zin.
   762 | D:2      | Found a shattered altar of Ashenzari.
   868 | D:2      | Reached XP level 4. HP: 11/23 MP: 3/5
  1183 | D:2      | Found an ancient bone altar of Kikubaaqudgha.
  1291 | D:2      | Found a shadowy altar of Dithmenos.
  1293 | D:2      | Reached skill level 5 in Stealth
  1332 | D:2      | Found an iron altar of Okawaru.
  1354 | D:2      | HP: 1/23 [gnoll (6)]
  1410 | D:2      | Reached XP level 5. HP: 12/26 MP: 6/6
  1683 | D:3      | Found a faded altar of an unknown god.
  1754 | D:3      | Noticed tstbtto's ghost (amateur HOGl)
  1865 | D:4      | HP: 1/26 [something/magic dart (2)]
  1866 | D:4      | Killed from afar by an orc wizard

Vault maps used:
D:1:      minmay_arrival_checkered_box, serial_bayou_pond_d
D:2:      nicolae_overflow_crystal_walls, zin_academy,
          ashenzari_conservatory_becter, grunt_dithmenos_smoke,
          okawaru_altar_gauntlet_db
D:3:      ecumenical_altar_2, uniq_iyjb
D:4:      temple_hall, grunt_pakellas_basics

Skill      XL: |  1  2  3  4 |
---------------+-------------+-----
Short Blades   | 2 3 4 |  4.5
Stealth        | 5 |  5.7
Fighting       | |  1.7
Throwing       | |  1.7
Dodging        | |  0.7

Action                   |  1- 3 |  4- 6 || total
-------------------------+-------+-------++-------
Melee: Dagger            |    83 |    97 ||   180
       Bite              |    15 |    24 ||    39
 Fire: Blowgun           |       |     4 ||     4
 Stab: Sleeping          |    11 |     4 ||    15
       Distracted        |       |     1 ||     1
  Eat: Chunk             |       |     3 ||     3
Armor: Robe              |    28 |    16 ||    44
Dodge: Dodged            |    53 |    46 ||    99
